 Dungeon Crawl Stone Soup version 0.25-a0-292-gaa31f046c4 (webtiles) character file.

Game seed: 16332843190178329132, levelgen mode: classic

123284 Borgoz the Fencer (level 16, -3/106 HPs)
             Began as a Gargoyle Gladiator on Dec 15, 2019.
             Was a High Priest of Ashenzari.
             Slain by a merfolk
             ... wielding a +0 trident of freezing
              (9 damage)
             ... on level 3 of the Shoals.
             The game lasted 01:01:43 (25721 turns).

Borgoz the Fencer (Gargoyle Gladiator)             Turns: 25721, Time: 01:01:45

Health: -3/106     AC: 29    Str: 23    XL:     16   Next: 90%
Magic:  20/20      EV: 20    Int: 10    God:    Ashenzari [*****.]
Gold:   232        SH:  0    Dex: 15    Spells: 16/20 levels left

rFire    . . .     SeeInvis +   a - +5 great sword (elec)
rCold    . . .     Gourm    .   (shield currently unavailable)
rNeg     + . .     Faith    .   H - +2 troll leather armour
rPois    ∞         Spirit   .   i - +0 mask of the Dragon {MR+ Slay+3 SInv}
rElec    +         Reflect  .   q - scarf {cloud immunity}
rCorr    .         Harm     .   t - +1 pair of gloves
MR       ++...     Clarity  +   x - +1 pair of boots {Stlth+}
Stlth    ++........             (no amulet)
HPRegen  0.67/turn              O - +3 ring of strength
MPRegen  0.17/turn              k - +4 ring of protection

@: flying, very slightly contaminated
A: big wings, negative energy resistance 1, electricity resistance, unbreathing,
petrification resistance, rot immunity, AC +12
a: Stop Flying, Curse Item, Scrying, Transfer Knowledge, Renounce Religion


You were on level 3 of the Shoals.
You worshipped Ashenzari.
Ashenzari was extremely pleased with you.
You were hungry.

You visited 5 branches of the dungeon, and saw 27 of its levels.

You collected 2481 gold pieces.
You spent 2249 gold pieces at shops.

Inventory:

Hand Weapons
 a - a +5 great sword of electrocution (weapon)
 b - a +4 scimitar of flaming
Missiles
 d - 2 throwing nets (quivered)
Armour
 e - a +1 leather armour of fire resistance
 i - the +0 mask of the Dragon (worn) {MR+ Slay+3 SInv}
   (You bought it in a shop on level 12 of the Dungeon)

   It affects your accuracy and damage with ranged weapons and melee attacks
   (+3).
   It affects your resistance to hostile enchantments.
   It lets you see invisible.
 q - a scarf of cloud immunity (worn)
 r - a +0 plate armour of cold resistance
 t - a +1 pair of gloves (worn)
 x - a +1 pair of boots of stealth (worn)
 H - a +2 troll leather armour (worn)
Jewellery
 k - a +4 ring of protection (right hand)
 y - an uncursed ring of ice
 O - a +3 ring of strength (left hand)
Wands
 C - a wand of flame (45)
 K - a wand of acid (4)
 M - a wand of digging (14)
 P - a wand of disintegration (1)
Scrolls
 c - 2 scrolls of fear
 g - 10 scrolls of teleportation
 j - 5 scrolls of blinking
 m - 10 scrolls of remove curse
 p - 6 scrolls of magic mapping
 v - a scroll of summoning {unknown}
 w - 3 scrolls of fog
 L - 9 scrolls of identify
Potions
 h - 4 potions of agility
 l - a potion of ambrosia
 n - a potion of might
 s - 4 potions of haste
 u - 2 potions of curing
 z - a potion of cancellation
 A - a potion of magic
Comestibles
 f - 62 rations
 o - 10 chunks of flesh


   Skills:
 + Level 14.2 Fighting
 * Level 16.5 Long Blades
 - Level 1.7 Throwing
 + Level 14.1 Armour
 + Level 11.5 Dodging
 + Level 3.7 Stealth
 + Level 2.7 Spellcasting
 + Level 2.6 Hexes


You had 16 spell levels left.
You knew the following spells:

 Your Spells              Type           Power        Failure   Level  Hunger
a - Confuse               Hex            #.......     32%         3    ####...
b - Confusing Touch       Hex            #.....       11%         1    ##.....

Your spell library contained the following spells:

 Spells                   Type           Power        Failure   Level  Hunger
 Corona                   Hex            #......      11%         1    ##.....
 Ensorcelled Hibernation  Hex/Ice        #.....       28%         2    ###....
 Animate Skeleton         Necr           N/A          32%         1    ##.....
 Apportation              Tloc           #.....       32%         1    ##.....
 Infusion                 Chrm           #...         32%         1    ##.....
 Pain                     Necr           #...         32%         1    ##.....
 Shock                    Conj/Air       #...         32%         1    ##.....
 Summon Small Mammal      Summ           #...         32%         1    ##.....
 Tukima's Dance           Hex            #.......     32%         3    ####...
 Call Imp                 Summ           #.......     43%         2    ###....
 Poisonous Vapours        Pois/Air       #.....       43%         2    ###....
 Dazzling Flash           Conj/Hex       #.....       50%         3    ####...
 Summon Guardian Golem    Hex/Summ       #.......     50%         3    ####...
 Call Canine Familiar     Summ           #.......     67%         3    ####...
 Conjure Flame            Conj/Fire      #.......     67%         3    ####...
 Mephitic Cloud           Conj/Pois/Air  #.......     67%         3    ####...
 Ozocubu's Armour         Chrm/Ice       #.......     67%         3    ####...
 Regeneration             Chrm/Necr      #.........   67%         3    ####...
 Spider Form              Tmut/Pois      #.........   67%         3    ####...
 Vampiric Draining        Necr           #.........   67%         3    ####...
 Animate Dead             Necr           N/A          97%         4    #####..
 Summon Ice Beast         Ice/Summ       #.......     97%         4    #####..
 Summon Lightning Spire   Summ/Air       #.......     97%         4    #####..
 Deflect Missiles         Chrm/Air       #.........   100%        6    #######
 Freezing Cloud           Conj/Ice/Air   #.........   100%        6    #######
 Hydra Form               Tmut           #.........   100%        6    #######
 Ring of Flames           Chrm/Fire      #.........   100%        7    #######


Dungeon Overview and Level Annotations

Branches:
Dungeon (15/15)            Temple (1/1) D:5            Lair (6/6) D:8
 Shoals (3/4) Lair:2        Snake (0/4) Lair:4        Slime (0/5) Lair:6
    Orc (2/2) D:10            Elf (0/3) Orc:2        Vaults (0/5) D:14
 Depths (0/5) D:15

Altars:
Ashenzari
Cheibriados
Dithmenos
Elyvilon
Fedhas
Gozag
Hepliaklqana
Kikubaaqudgha
Makhleb
Nemelex Xobeh
Okawaru
Qazlal
Ru
Sif Muna
Trog
Uskayaw
Vehumet
Wu Jian
Xom
Yredelemnul
Zin
The Shining One
Beogh

Shops:
D:6 [=*?}   D:12 [   D:13 (   Orc:2 %*[}[**(   Shoals:2 (

Portals:
Trove: D:13 (give horn of Geryon)


Innate Abilities, Weirdness & Mutations

You are resistant to torment.
Your stone body is resilient. (AC +12)
You are immune to poison.
Your large and strong wings let you fly indefinitely.
You resist negative energy. (rN+)
You are resistant to electric shocks. (rElec)
You can survive without breathing.
You are immune to petrification.
You are immune to rotting.


Message History

You are too injured to fight recklessly!
You are too injured to fight recklessly!
You closely miss the harpy.
The harpy is severely wounded.
The harpy claws you!
* * * LOW HITPOINT WARNING * * *
The harpy claws you.
* * * LOW HITPOINT WARNING * * *
The harpy screeches!
The harpy misses you. The harpy completely misses you.
The merfolk closely misses you.
The merfolk aquamancer hits you but does no damage.
The merfolk misses you.
You feel better.
The harpy screeches!
The harpy closely misses you. x2
The merfolk hits you with a +0 trident of freezing!
* * * LOW HITPOINT WARNING * * *
The merfolk freezes you!
You die...

≈≈≈≈≈....≈≈≈..≈≈≈≈≈≈≈ ≈≈≈ ≈≈
≈≈≈≈≈≈≈.≈≈≈≈≈≈≈≈≈≈≈≈≈≈≈≈≈
≈≈≈≈≈≈.[.....≈≈≈≈≈≈≈≈≈≈≈≈ ≈ ≈≈
≈≈≈≈≈...##...≈≈≈≈≈≈≈≈≈≈≈≈≈ ≈ ≈
≈≈≈≈≈≈..##...≈≈≈≈≈≈≈≈≈≈≈≈. ≈≈ ≈≈
≈≈≈≈.≈.......≈≈≈≈≈≈≈≈≈≈≈≈.≈≈≈≈≈
≈≈≈≈≈....#.≈≈≈≈≈≈≈≈≈≈≈≈≈≈≈≈≈≈≈ ≈
≈≈≈≈≈...##.)≈≈≈.H≈≈≈≈≈≈≈≈≈≈≈≈≈≈≈≈
≈≈≈≈≈..#..≈≈≈≈≈.@m≈≈≈≈≈≈≈≈≈≈≈≈≈≈≈
≈≈≈≈≈...≈≈≈≈≈≈≈##mm≈≈≈≈≈≈≈≈≈≈≈≈≈
≈≈≈≈≈≈≈≈≈≈≈≈≈≈≈##[≈≈≈≈≈...≈≈≈≈≈≈≈
≈≈≈≈≈≈≈≈≈≈≈≈≈≈≈..≈≈≈≈≈≈##...≈≈≈≈≈
≈≈.≈≈≈≈≈≈≈≈≈≈≈≈≈≈≈≈≈≈≈≈.#.≈≈≈≈≈≈
≈≈...≈≈≈≈≈≈≈≈≈≈≈≈≈≈≈≈≈≈≈≈≈≈≈≈≈≈≈≈
≈≈≈≈≈≈≈≈≈≈≈≈≈≈≈≈≈≈≈≈≈≈††(≈≈≈≈≈≈≈
≈≈≈≈≈≈≈≈≈≈.≈≈≈≈≈≈≈≈≈≈≈≈≈≈≈≈≈≈≈≈≈
≈≈...≈≈≈≈≈≈≈≈≈≈≈≈≈≈≈≈≈≈≈)m≈≈≈≈≈≈


You could see a merfolk aquamancer, 2 merfolk and a harpy.

Vanquished Creatures
  Jorgrun (D:12)
  A stone giant (Orc:2)
  A dire elephant (D:15)
  Snorg (Orc:2)
  A merfolk javelineer (Shoals:3)
  Harold (D:7)
  Fannar (D:12)
  8 hydras
  6 two-headed ogres
  3 merfolk avatars
  2 centaur warriors
  2 tengu warriors
  2 death knights
  A merfolk aquamancer (Shoals:1)
  15 death yaks
  Urug (Lair:4)
  7 orc high priests
  Sonja (D:13)
  Nergalle (D:12)
  5 skeletal warriors
  5 sea snakes
  An unseen horror (D:15)
  An obsidian statue (D:12)
  3 harpies
  A wolf spider zombie (D:15)
  A phantasmal warrior (D:14)
  4 orc knights
  4 manticores
  A wolf spider (D:15)
  7 fauns
  8 ugly things
  4 oklob plants
  2 orc sorcerers
  A moth of wrath (Lair:6)
  A salamander (D:15)
  Maurice (D:12)
  8 elephants
  5 black mambas
  4 merfolk sirens
  3 cyclopes
  3 water nymphs
  3 centaur zombies
  12 spiny frogs
  2 gargoyles
  7 rime drakes
  2 freezing wraiths (D:14)
  A demonic crawler (Lair:6)
  2 ice devils (D:15)
  16 komodo dragons
  3 efreet
  8 trolls
  A meliai (shapeshifter) (D:13)
  5 polar bears
  2 tengu conjurers (D:14)
  8 merfolk
  2 hornets (Lair:6)
  3 meliai (D:14)
  13 blink frogs
  A queen bee (Lair:3)
  4 snapping turtles
  6 dream sheep
  6 slime creatures (D:14)
  19 hippogriffs
  Sigmund (D:6)
  3 shadows
  5 basilisks
  6 water elementals
  A vampire (D:12)
  5 wyverns
  11 humans (D:14)
  4 hungry ghosts
  49 yaks
  5 vampire mosquitoes
  12 wargs
  2 swamp worms (Lair:6)
  6 nagas (Lair:4)
  6 water moccasins
  8 porcupines
  23 orc warriors
  3 black bears
  An ice beast (D:7)
  3 sky beasts
  An eye of draining (D:14)
  A phantom (D:7)
  13 ogres
  4 wolves (Lair:4)
  4 centaurs
  9 crocodiles
  4 big kobolds
  A wyvern zombie (D:8)
  13 bullfrogs
  A water moccasin zombie (D:7)
  A hornet simulacrum (D:15)
  5 scorpions
  29 killer bees
  4 howler monkeys
  15 wights
  The ghost of Borgoz the Skirmisher, a weakling KoFi (D:3)
  2 electric eels (Lair:2)
  5 crimson imps
  4 jellies
  A quasit (D:13)
  2 centaur skeletons
  7 hounds
  A gnoll shaman (D:7)
  5 iguanas
  38 orc priests
  2 bullfrog skeletons (D:13)
  17 orc wizards
  9 worker ants
  A hell rat (D:9)
  2 worker ant zombies
  Robin (D:4)
  9 gnolls
  A howler monkey skeleton (D:6)
  9 adders
  4 shadow imps
  2 oozes
  2 dart slugs (D:1)
  2 worms
  6 leopard geckos
  113 orcs
  4 ball pythons
  5 giant cockroaches
  29 goblins
  7 hobgoblins
  10 jackals
  8 kobolds
  7 quokkas
  6 bats
  7 frilled lizards
  A jackal skeleton (D:3)
  A quokka skeleton (D:5)
  9 rats
854 creatures vanquished.

Vanquished Creatures (others)
  A shadow (D:15)
  A human (D:14)
  A worker ant (D:13)
  3 fungi (Lair:3)
  5 plants
11 creatures vanquished.

Grand Total: 865 creatures vanquished

Notes
Turn   | Place    | Note
-------+----------+-------------------------------------------
     0 | D:1      | Borgoz the Gargoyle Gladiator began the quest for the Orb.
     0 | D:1      | Reached XP level 1. HP: 12/12 MP: 1/1
   148 | D:1      | Reached XP level 2. HP: 18/18 MP: 2/2
   184 | D:1      | Reached skill level 3 in Long Blades
   257 | D:1      | Reached skill level 1 in Armour
   258 | D:1      | Reached XP level 3. HP: 16/22 MP: 3/3
  1172 | D:2      | Reached XP level 4. HP: 26/27 MP: 4/4
  1522 | D:2      | Reached XP level 5. HP: 28/32 MP: 5/5
  1525 | D:2      | Found a shadowy altar of Dithmenos.
  1940 | D:3      | Noticed Borgoz's ghost (weakling KoFi)
  1941 | D:3      | Found a runed translucent door.
  2257 | D:3      | Reached skill level 4 in Long Blades
  2389 | D:3      | Noticed an ogre
  2415 | D:3      | Killed an ogre
  2415 | D:3      | Reached XP level 6. HP: 37/37 MP: 6/6
  2949 | D:3      | Killed Borgoz's ghost
  3172 | D:4      | Reached XP level 7. HP: 22/43 MP: 7/7
  3399 | D:4      | Reached skill level 5 in Long Blades
  3596 | D:4      | Noticed Robin
  3623 | D:4      | Killed Robin
  3836 | D:5      | Entered Level 5 of the Dungeon
  4187 | D:5      | Reached XP level 8. HP: 28/48 MP: 8/8
  4314 | D:5      | Found a staircase to the Ecumenical Temple.
  4337 | Temple   | Entered the Ecumenical Temple
  4347 | Temple   | Became a worshipper of Ashenzari the Shackled
  4522 | D:5      | Reached skill level 6 in Long Blades
  4528 | D:5      | Reached skill level 5 in Fighting
  4921 | D:6      | Found Qouwufosk's Gadget Shop.
  5038 | D:6      | Found Hall's Assorted Antiques.
  5063 | D:6      | Found Fuem's Magic Scroll Shoppe.
  5073 | D:6      | Bought a scroll of remove curse for 39 gold pieces
  5073 | D:6      | Bought a scroll of identify for 26 gold pieces
  5073 | D:6      | Bought a scroll of identify for 26 gold pieces
  5073 | D:6      | Bought a scroll of teleportation for 39 gold pieces
  5086 | D:6      | Bought a scroll of identify for 26 gold pieces
  5149 | D:6      | Noticed Sigmund
  5177 | D:6      | Killed Sigmund
  5195 | D:6      | Reached * piety under Ashenzari
  5208 | D:6      | Found Caixak's Armour Boutique.
  5291 | D:6      | Reached skill level 5 in Armour
  5292 | D:6      | Found Enikk's Jewellery Shop.
  5451 | D:7      | Noticed a two-headed ogre
  5471 | D:7      | Killed a two-headed ogre
  5471 | D:7      | Reached skill level 7 in Long Blades
  5471 | D:7      | Reached skill level 5 in Dodging
  5471 | D:7      | Reached XP level 9. HP: 12/55 MP: 9/9
  5885 | D:7      | Noticed Harold
  5913 | D:7      | Killed Harold
  5913 | D:7      | Reached skill level 8 in Long Blades
  6073 | D:7      | Reached XP level 10. HP: 48/63 MP: 10/10
  6664 | D:8      | Reached skill level 9 in Long Blades
  6875 | D:8      | Found a shadowy altar of Dithmenos.
  6908 | D:8      | Found a snail-covered altar of Cheibriados.
  6920 | D:8      | Found a stormy altar of Qazlal.
  6925 | D:8      | Noticed a death yak
  6926 | D:8      | Found a staircase to the Lair.
  6926 | D:8      | Noticed a death yak
  6927 | D:8      | Noticed a death yak
  7265 | D:9      | Noticed a two-headed ogre
  7272 | D:9      | Killed a two-headed ogre
  7469 | D:9      | Killed a death yak
  7469 | D:9      | Reached skill level 10 in Long Blades
  7469 | D:9      | Reached XP level 11. HP: 33/69 MP: 11/11
  7723 | D:9      | Found a hazy altar of Hepliaklqana.
  7932 | D:8      | Found a basalt altar of Yredelemnul.
  8130 | D:8      | Learned a level 3 spell: Confuse
  8168 | D:9      | Found a shimmering altar of Xom.
  8672 | D:10     | Entered Level 10 of the Dungeon
  8863 | D:10     | Noticed a two-headed ogre
  8870 | D:10     | Killed a two-headed ogre
  8983 | D:10     | Noticed a two-headed ogre
  8992 | D:10     | Killed a two-headed ogre
  9129 | D:10     | Found a staircase to the Orcish Mines.
  9256 | D:10     | Reached skill level 11 in Long Blades
  9573 | D:10     | Noticed a three-headed hydra
  9578 | D:10     | Killed a three-headed hydra
  9578 | D:10     | Reached XP level 12. HP: 65/76 MP: 12/12
  9720 | D:11     | Reached ** piety under Ashenzari
  9741 | D:11     | Noticed a tengu warrior
  9774 | D:11     | Killed a tengu warrior
 10303 | D:11     | Noticed a two-headed ogre
 10306 | D:11     | Killed a two-headed ogre
 10306 | D:11     | Reached skill level 10 in Fighting
 10589 | D:12     | Got the cursed leather armour of the Serpent {rN++ MR-
                  | Str+9 Dex-4}
 10664 | D:12     | Noticed a death knight
 10688 | D:12     | Killed a death knight
 10779 | D:12     | Noticed a two-headed ogre
 10806 | D:12     | Found Emonoamo's Antique Armour Boutique.
 10834 | D:12     | Reached skill level 12 in Long Blades
 10834 | D:12     | Reached skill level 10 in Armour
 10889 | D:12     | Killed a two-headed ogre
 11100 | D:12     | Noticed Fannar
 11122 | D:12     | Killed Fannar
 11354 | D:12     | Noticed Nergalle
 11368 | D:12     | Killed Nergalle
 11517 | D:12     | Reached XP level 13. HP: 82/83 MP: 13/13
 11631 | D:12     | Noticed Maurice
 11803 | D:12     | Noticed Jorgrun
 11849 | D:12     | Killed Maurice
 11911 | D:12     | Killed Jorgrun
 12202 | D:13     | Noticed Sonja
 12257 | D:13     | Reached *** piety under Ashenzari
 12288 | D:13     | Reached skill level 13 in Long Blades
 12349 | D:13     | Killed Sonja
 12368 | D:13     | Found Topruate's Antique Weapon Emporium.
 12440 | D:13     | Found a portal to a secret trove of treasure.
 13450 | D:14     | Gained mutation: Your large and strong wings let you fly
                  | indefinitely. [Gargoyle growth]
 13450 | D:14     | Reached XP level 14. HP: 43/91 MP: 14/14
 13638 | D:14     | Found a gate to the Vaults.
 13939 | D:15     | Entered Level 15 of the Dungeon
 14008 | D:15     | Identified Bic Xamy's Grimoire of Assistive Transformation
 14061 | D:15     | Reached skill level 14 in Long Blades
 14489 | D:15     | Reached **** piety under Ashenzari
 14554 | D:15     | Found a staircase to the Depths.
 14554 | D:15     | Noticed a dire elephant
 14573 | D:15     | Killed a dire elephant
 15103 | Lair:1   | Entered Level 1 of the Lair of Beasts
 15158 | Lair:1   | Reached skill level 10 in Dodging
 16728 | Lair:2   | Found a staircase to the Shoals.
 16779 | Lair:3   | Reached XP level 15. HP: 97/97 MP: 15/15
 17011 | Lair:3   | Reached skill level 15 in Long Blades
 17607 | Lair:4   | Noticed Urug
 17617 | Lair:4   | Killed Urug
 17992 | Lair:4   | Found a staircase to the Snake Pit.
 18414 | Lair:5   | Reached ***** piety under Ashenzari
 19094 | Lair:6   | Entered Level 6 of the Lair of Beasts
 19812 | Lair:6   | Found a staircase to the Slime Pits.
 20403 | Lair:6   | Reached XP level 16. HP: 105/105 MP: 16/16
 20462 | Lair:6   | Got the lajatang "Aloinuut" {drain, rPois rC- Str+10 Int-3}
 20837 | Lair:6   | Reached skill level 16 in Long Blades
 21080 | Orc:1    | Entered Level 1 of the Orcish Mines
 21161 | Orc:2    | Entered Level 2 of the Orcish Mines
 21628 | Orc:1    | Noticed Snorg
 21637 | Orc:2    | Killed Snorg
 21689 | Orc:2    | Found Baluhuab's Gadget Shoppe.
 21689 | Orc:2    | Found Setesow's Antique Armour Boutique.
 21716 | Orc:2    | Found a roughly hewn altar of Beogh.
 21773 | Orc:2    | Found Leolypp's General Store.
 21773 | Orc:2    | Found Bumol's General Store.
 21796 | Orc:2    | Bought a scroll of blinking for 120 gold pieces
 21796 | Orc:2    | Bought a book of Cantrips for 320 gold pieces
 21798 | Orc:2    | Learned a level 1 spell: Confusing Touch
 21871 | Orc:2    | Bought a potion of ambrosia for 104 gold pieces
 21871 | Orc:2    | Bought a potion of might for 52 gold pieces
 22057 | Orc:2    | Found Fiusm's Antique Armour Boutique.
 22065 | Orc:2    | Bought an embroidered scarf for 200 gold pieces
 22067 | Orc:2    | Found Anacae's Assorted Antiques.
 22075 | Orc:2    | Found a staircase to the Elven Halls.
 22110 | Orc:2    | Reached skill level 1 in Stealth
 22294 | Orc:1    | Reached skill level 1 in Spellcasting
 22294 | Orc:1    | Reached skill level 1 in Hexes
 22749 | Orc:2    | Found Gapsys's Weapon Shoppe.
 22908 | Orc:2    | Found Ren Vuma's Food Shop.
 23036 | Orc:2    | Found a shimmering blue altar of Sif Muna.
 23053 | Orc:2    | Identified Sif Muna's Compendium of Air
 23298 | D:12     | Bought the +0 mask of the Dragon {MR+ Slay+3 SInv} for 868
                  | gold pieces
 23298 | D:12     | Found the +0 mask of the Dragon {MR+ Slay+3 SInv}
 23298 | D:12     | Bought a pair of embroidered boots for 195 gold pieces
 23328 | D:12     | Bought an embroidered cloak for 195 gold pieces
 23547 | D:6      | Bought a scroll of teleportation for 39 gold pieces
 24081 | Shoals:1 | Entered Level 1 of the Shoals
 25172 | Shoals:2 | Found Kouq's Weapon Shoppe.
 25721 | Shoals:3 | Slain by a merfolk

Levels and vault maps discovered:
D:1:      sevenhm_arrival_forest_fort_large_1, layout_loops_ring,
          minmay_tetromino_t2
D:2:      layout_rooms, nicolae_dithmenos_shadow_blocks
D:3:      layout_loops_cross, hellmonk_ghost_happy_afterlife,
          hangedman_decor_clover_reticule, minmay_crystal_water,
          minmay_ogre_servants
D:4:      layout_loops_ring, first_ration, uniq_robin
D:5:      layout_basic, minmay_temple_entry_proselytizer, serial_glass,
          glass_columns_a, glass_columns_c
D:6:      layout_basic, serial_shops, shop, shop_fountains, shop,
          nicolae_shop_window_shopping, shop, uniq_sigmund
D:7:      layout_loops_cross, uniq_harold
D:8:      layout_basic, nicolae_overflow_quartered_altars, dpeg_lair_monsters
D:9:      layout_cave_pods, regret_index_temple_of_mockery
D:10:     layout_loops_ring, david_orc_3, hangedman_ranch
          [blue_anna_fruit_fields]
D:11:     layout_irregular_city, minivault_20
D:12:     minmay_statue_hallways, layout_loops_cross, serial_shops,
          kennysheep_little_box, serial_co_window_serial, co_window_corner_a,
          co_window_corner_a, co_window_corner_a, co_window_of_opportunity_a,
          co_window_corner_a, co_window_paths_a, co_window_of_opportunity_a,
          co_window_corner_b, co_window_corner_b, co_window_broadway_c,
          co_window_unsneaky_path_e, co_window_corner_cb, uniq_nergalle,
          uniq_fannar, uniq_jorgrun, uniq_maurice
D:13:     layout_long_grid, serial_shops, shop_coins, enter_trove_3,
          nicolae_wand_duel, chequers_decorated_corner, minmay_circle_x,
          uniq_sonja
D:14:     layout_roguey, ximxim_vaults_locker_room
D:15:     hangedman_depths_entry_try_elsewhere_first, layout_basic,
          portal_ice_cave_demonic_guard
Temple:   eino_temple_rhombus
Lair:1:   layout_big_grid, lemuel_fruit_fields
Lair:2:   layout_regular_city, minmay_shoals_entry_hut, minmay_shattered_shrine
Lair:3:   layout_gridlike, serial_rivers, chequers_serial_rivers_room_a,
          chequers_serial_rivers_micro_d, chequers_serial_rivers_room_b,
          chequers_serial_rivers_micro_a, chequers_serial_rivers_large_a,
          special_room [special_room_bee], grunt_megastairs_2
Lair:4:   layout_regular_city, minmay_snake_entry_guardpost_medium,
          grunt_megastairs_1, uniq_urug
Lair:5:   layout_misc_corridors, serial_bayou_shore_a, serial_bayou_shore_b
Lair:6:   gammafunk_lair_ancient_temple, layout_layer_cave,
          minmay_slime_entry_oklob_open, chequers_serial_rivers_small_3,
          worms_lemuel
Shoals:1: layout_shoals
Shoals:2: layout_shoals, nicolae_shoals_c_island
Shoals:3: layout_shoals
Orc:1:    cheibrodos_orc_arena, layout_caves, uniq_snorg
Orc:2:    st_orc_town, layout_caves, serial_shops, nicolae_shop_trees, shop,
          nicolae_shop_crystal, nicolae_shop_overgrown_old_shop, led_sif_book

Skill      XL: |  1  2  3  4  5  6  7  8  9 10 11 12 13 14 15 16 |
---------------+-------------------------------------------------+-----
Long Blades    | 3 4 5 7 8 10 11 12 13 14 15 16 | 16.5
Armour         | 1 2 3 4 5 6 8 9 10 11 12 13 14 | 14.1
Fighting       | 3 4 6 7 8 9 10 11 12 13 14 | 14.2
Dodging        | 3 4 5 6 7 8 9 10 11 | 11.5
Stealth        | 3 |  3.7
Spellcasting   | 2 |  2.7
Hexes          | 2 |  2.6
Throwing       | |  1.7

Action                   |  1- 3 |  4- 6 |  7- 9 | 10-12 | 13-15 | 16-18 || total
-------------------------+-------+-------+-------+-------+-------+-------++-------
Melee: Long sword        |   102 |   224 |   333 |   185 |       |       ||   844
       Scimitar          |       |       |       |   543 |   976 |       ||  1519
       Great sword       |       |       |       |       |   234 |   488 ||   722
Throw: Throwing net      |       |       |     3 |     6 |     3 |     1 ||    13
 Abil: Fly               |       |       |       |       |     1 |       ||     1
Evoke: Wand              |       |       |     1 |     4 |     8 |    32 ||    45
  Use: Potion            |     5 |     4 |     1 |     4 |    15 |     1 ||    30
       Scroll            |       |     3 |     9 |     8 |    16 |     2 ||    38
 Stab: Sleeping          |     4 |     4 |     5 |     4 |     3 |     2 ||    22
       Distracted        |       |       |     1 |     1 |       |       ||     2
       Held in net/web   |       |       |     3 |     4 |     7 |       ||    14
       Invisible         |       |       |       |    10 |       |       ||    10
  Eat: Chunk             |     1 |     5 |    12 |    22 |    30 |    14 ||    84
       Ration            |       |       |       |     1 |     1 |     1 ||     3
Armor: Leather armour    |    54 |    92 |   157 |   191 |       |       ||   494
       Skin              |     1 |    28 |       |       |       |       ||    29
       Troll leather arm |       |       |       |   114 |   561 |   229 ||   904
Dodge: Dodged            |    87 |   100 |   251 |   520 |  1082 |   493 ||  2533
       Rpst.: Long sword |    26 |    28 |    68 |    39 |       |       ||   161
       Scimitar          |       |       |       |   100 |   190 |       ||   290
       Great sword       |       |       |       |       |    61 |   118 ||   179

Table legend:
 A = Non-vault XP
 B = Vault XP
 C = Vault XP percentage of total XP
 D = Non-vault monster count
 E = Vault monster count
 F = Vault count percentage of total count
                 A         B        C        D         E       F
            +---------+---------+-------+---------+---------+-------
      Total |  123643 |   52477 |  29.8 |     618 |     237 |  27.7
            +---------+---------+-------+---------+---------+-------
        D:1 |      59 |       5 |   7.8 |      31 |       5 |  13.9
        D:2 |     124 |       0 |   0.0 |      18 |       0 |   0.0
        D:3 |     103 |     186 |  64.4 |      28 |      10 |  26.3
        D:4 |     433 |      35 |   7.5 |      13 |      11 |  45.8
        D:5 |     548 |      43 |   7.3 |      18 |       1 |   5.3
        D:6 |     467 |     231 |  33.1 |      13 |       1 |   7.1
        D:7 |    2527 |    1013 |  28.6 |      29 |       1 |   3.3
        D:8 |    1586 |    1971 |  55.4 |      36 |       5 |  12.2
        D:9 |    3106 |     900 |  22.5 |      37 |       2 |   5.1
       D:10 |    4037 |    2744 |  40.5 |      17 |      17 |  50.0
       D:11 |    3543 |    1307 |  26.9 |      16 |       2 |  11.1
       D:12 |    7865 |    6154 |  43.9 |      34 |       5 |  12.8
       D:13 |    2523 |    1981 |  44.0 |      12 |       6 |  33.3
       D:14 |   13702 |    2161 |  13.6 |      50 |      11 |  18.0
       D:15 |    7281 |    3581 |  33.0 |      22 |       6 |  21.4
     Lair:1 |    6459 |       0 |   0.0 |      25 |       0 |   0.0
     Lair:2 |    6763 |    4714 |  41.1 |      20 |      11 |  35.5
     Lair:3 |    4082 |    1806 |  30.7 |      14 |      22 |  61.1
     Lair:4 |    4647 |    2272 |  32.8 |      20 |       9 |  31.0
     Lair:5 |    7414 |       0 |   0.0 |      24 |       0 |   0.0
     Lair:6 |   14050 |   12071 |  46.2 |      31 |      31 |  50.0
   Shoals:1 |   12833 |       0 |   0.0 |      29 |       0 |   0.0
   Shoals:2 |    5069 |       0 |   0.0 |      12 |       0 |   0.0
   Shoals:3 |    4949 |       0 |   0.0 |      11 |       0 |   0.0
      Orc:1 |    3524 |    3086 |  46.7 |      22 |      33 |  60.0
      Orc:2 |    5949 |    6216 |  51.1 |      36 |      48 |  57.1
            +---------+---------+-------+---------+---------+-------
